 Dungeon Crawl Stone Soup version 0.26-a0-30-g56b8cd3df0 (webtiles) character file.

Game seed: 305225385434116223, levelgen mode: deterministic

12365 Lanoc the Carver (level 11, -6/97 HPs)
             Began as a Minotaur Fighter on June 1, 2020.
             Was an Elder of Elyvilon.
             Mangled by a sixfirhy (10 damage)
             ... summoned by a deep elf mage
             ... on level 13 of the Dungeon.
             The game lasted 00:15:25 (9695 turns).

Lanoc the Carver (Minotaur Fighter)                 Turns: 9695, Time: 00:15:26

Health: -6/97      AC: 20    Str: 20 (22) XL:     11   Next: 61%
Magic:  2/13       EV:  9    Int: 11      God:    Elyvilon [****..]
Gold:   655        SH: 12    Dex: 19      Spells: 10/10 levels left

rFire    + . .     SeeInvis +   b - +9 dagger "Ucyet" {freeze, rPois}
rCold    . . .     Gourm    .   c - +0 kite shield
rNeg     . . .     Faith    .   r - +0 plate armour
rPois    +         Spirit   .   (helmet restricted)
rElec    .         Reflect  .   (no cloak)
rCorr    .         Harm     .   E - +2 pair of gloves
MR       .....                  x - +2 pair of boots of Mafuoc {rF+ Dex+5 Stlth+}
Stlth    ..........             (no amulet)
HPRegen  0.26/turn              A - ring of see invisible
MPRegen  0.13/turn              M - +6 ring of intelligence

@: lightly drained
A: retaliatory headbutt, horns 2, deterioration 1, low mp 1, strong 1
a: Lesser Healing, Heal Other, Purification, Greater Healing, Divine Protection,
Renounce Religion


You were on level 13 of the Dungeon.
You worshipped Elyvilon.
Elyvilon was greatly pleased with you.
You were very hungry.

You visited 1 branch of the dungeon, and saw 11 of its levels.
You also visited: Bailey.

You collected 655 gold pieces.

Inventory:

Hand Weapons
 a - a +1 long sword of freezing
 b - the +9 dagger "Ucyet" (weapon) {freeze, rPois}
   (You took it off an orc on level 4 of the Dungeon)

   It has been specially enchanted to freeze those struck by it, causing extra
   injury to most foes and up to half again as much damage against particularly
   susceptible opponents.
   It can also slow down cold-blooded creatures.
   It protects you from poison.
 p - a +3 hunting sling
Missiles
 q - 190 stones (quivered)
Armour
 c - a +0 kite shield (worn)
 r - a +0 plate armour (worn)
 x - the +2 pair of boots of Mafuoc (worn) {rF+ Dex+5 Stlth+}
   (You found it on level 9 of the Dungeon)

   It affects your dexterity (+5).
   It protects you from fire.
   It makes you more stealthy.
 E - a +2 pair of gloves (worn)
Jewellery
 A - a ring of see invisible (left hand)
 M - a +6 ring of intelligence (right hand)
Wands
 H - a wand of digging (8)
 L - a wand of paralysis (12)
Scrolls
 d - a scroll of brand weapon {unknown}
 g - 4 scrolls of remove curse
 i - 3 scrolls of enchant weapon
 m - a scroll of noise {unknown}
 n - 3 scrolls of teleportation
 o - 2 scrolls of fog {unknown}
 u - a scroll of fear {unknown}
 v - 3 scrolls of random uselessness {unknown}
 y - 2 scrolls of enchant armour {unknown}
 C - 2 scrolls of blinking {unknown}
 G - a scroll of immolation {unknown}
 I - a scroll of amnesia {unknown}
 J - 5 scrolls of identify
Potions
 e - 2 potions of cancellation
 h - 9 potions of curing
 j - 2 potions of heal wounds
 k - 2 potions of stabbing
 l - 2 potions of resistance
 s - a potion of lignification
 t - 2 potions of experience {unknown}
 w - 3 potions of flight
 z - a potion of brilliance {unknown}
 B - 2 potions of degeneration {unknown}
 D - a potion of ambrosia {unknown}
 K - a potion of haste {unknown}
Miscellaneous
 F - a box of beasts
Comestibles
 f - 21 rations
 N - 3 chunks of flesh


   Skills:
 + Level 9.3(8.6) Fighting
 * Level 12.0(11.3) Long Blades
 + Level 9.3(8.7) Armour
 + Level 7.6(7.0) Dodging
 + Level 9.2(8.6) Shields
 + Level 7.0(6.4) Invocations


You had 10 spell levels left.
You didn't know any spells.
Your spell library contained the following spells:

 Spells                   Type           Power        Failure   Level  Hunger
 Animate Skeleton         Necr           N/A          100%        1    ##.....
 Apportation              Tloc           #.....       100%        1    ##.....
 Corona                   Hex            #......      100%        1    ##.....
 Magic Dart               Conj           #...         100%        1    ##.....
 Summon Small Mammal      Summ           #...         100%        1    ##.....
 Blink                    Tloc           N/A          100%        2    ###....
 Call Imp                 Summ           #.......     100%        2    ###....
 Slow                     Hex            #.......     100%        2    ###....
 Confusing Touch          Hex            #.......     100%        3    ####...
 Conjure Flame            Conj/Fire      #.......     100%        3    ####...
 Gell's Gravitas          Tloc           #.........   100%        3    ####...
 Mephitic Cloud           Conj/Pois/Air  #.......     100%        3    ####...
 Petrify                  Tmut/Erth      #.......     100%        4    #####..
 Metabolic Englaciation   Hex/Ice        #.........   100%        5    ######.
 Yara's Violent Unravell  Hex/Tmut       #.........   100%        5    ######.


Dungeon Overview and Level Annotations

Branches:
Dungeon (13/15)              Lair (0/6) D:11            Orc (0/2) D:11
 Bailey (visited)
 Temple: D:4-7       Vaults: D:13-14

Altars:
Dithmenos
Elyvilon
Hepliaklqana
Nemelex Xobeh
Okawaru
Qazlal
Ru
Trog
Uskayaw
Vehumet
Wu Jian


Innate Abilities, Weirdness & Mutations

You reflexively headbutt those who attack you in melee.
You have a pair of horns on your head.
Your body sometimes deteriorates upon taking damage.
Your magical capacity is low. (-10% MP)
Your muscles are strong. (Str +2)


Message History

Eat one of 4 chunks of flesh? (ye/n/q)
You eat one of the 4 chunks of flesh.
This raw flesh tastes terrible.
You are feeling very hungry.
You block the sixfirhy's attack. The sixfirhy barely misses you.
You furiously retaliate!
You headbutt the sixfirhy!
The sixfirhy hits you but does no damage.
The tarantella bites you but does no damage.
You block the sixfirhy's attack.
The deep elf mage hits you but does no damage.
The demonic crawler completely misses you.
The demonic crawler hits you but does no damage. x2
The tarantella bites you but does no damage.
The manticore bites you but does no damage.
You block the manticore's attack. The manticore closely misses you.
You closely miss the deep elf mage.
The deep elf mage is almost dead.
The sixfirhy hits you.
* * * LOW HITPOINT WARNING * * *
The sixfirhy shocks you!
You die...

#### ...## ...
######.#
#.##sH....#
#3rs@# ###e3#
##r4#######..
##..r#..<....#
#..<.........#
######........
#.......#
#.......#
#.......#


You could see a demonic crawler (summoned), a manticore, an ice devil
(summoned), a deep elf mage, a sixfirhy (summoned), a ynoxinul (summoned), a
tarantella (summoned) and 3 hell rats.

Vanquished Creatures
  Fannar (D:11)
  Erolcha (D:10)
  2 two-headed ogres
  Urug (D:10)
  An ugly thing (D:13)
  A troll (D:11)
  A hippogriff (D:12)
  A spriggan (D:7)
  A wyvern (D:12)
  4 yaks (D:11)
  A hungry ghost (D:12)
  A steam dragon (D:12)
  2 wargs (D:11)
  2 acid dragons
  3 sky beasts
  11 orc warriors
  3 phantoms
  3 black bears
  2 eyes of draining
  8 ogres
  A centaur (D:9)
  3 big kobolds
  4 bullfrogs
  A gnoll sergeant (D:12)
  3 scorpions
  A wyvern skeleton (D:12)
  7 wights
  8 howler monkeys
  6 crimson imps
  2 quasits
  10 orc priests
  3 hounds
  3 centaur skeletons
  A bullfrog skeleton (D:7)
  An iguana (D:4)
  9 orc wizards
  4 worker ants
  A worker ant zombie (D:9)
  5 gnolls (D:12)
  A howler monkey skeleton (D:4)
  10 adders
  A shadow imp (D:9)
  A white imp (D:7)
  An ooze (D:4)
  4 adder zombies
  2 adder skeletons
  4 worms
  3 dart slugs
  5 leopard geckos
  56 orcs
  3 bats
  A giant cockroach (D:4)
  8 goblins
  7 hobgoblins
  7 jackals
  A quokka (D:3)
  A ball python (D:2)
  A ball python skeleton (D:3)
  3 frilled lizards
  A giant cockroach zombie (D:3)
  22 kobolds
  A quokka skeleton (D:3)
  7 rats
274 creatures vanquished.

Vanquished Creatures (collateral kills)
  An orc warlord (Bailey)
  A goblin (Bailey)
  A hobgoblin (Bailey)
3 creatures vanquished.

Grand Total: 277 creatures vanquished

Notes
Turn   | Place    | Note
-------+----------+-------------------------------------------
     0 | D:1      | Lanoc the Minotaur Fighter began the quest for the Orb.
     0 | D:1      | Reached XP level 1. HP: 19/19 MP: 0/0
   177 | D:2      | Found a white marble altar of Elyvilon.
   182 | D:2      | Became a worshipper of Elyvilon the Healer
   206 | D:2      | Reached skill level 3 in Long Blades
   206 | D:2      | Reached XP level 2. HP: 27/27 MP: 1/1
   301 | D:2      | Reached skill level 1 in Dodging
   323 | D:2      | Reached XP level 3. HP: 32/33 MP: 2/2
   608 | D:3      | Found a shadowy altar of Dithmenos.
   613 | D:3      | Reached XP level 4. HP: 40/40 MP: 3/3
   700 | D:3      | Reached skill level 1 in Invocations
   711 | D:3      | Reached skill level 4 in Long Blades
   860 | D:3      | Noticed a +0 dagger
   861 | D:3      | Noticed a +0 hand axe
   862 | D:3      | Found a hide-covered altar of Uskayaw.
   883 | D:3      | Reached XP level 5. HP: 46/46 MP: 4/4
   899 | D:3      | Reached * piety under Elyvilon
  1116 | D:3      | Found a radiant altar of Vehumet.
  1118 | D:3      | Found a hazy altar of Hepliaklqana.
  1118 | D:3      | Found an ornate altar of the Wu Jian Council.
  1769 | D:4      | Noticed an ogre
  1776 | D:4      | Killed an ogre
  1776 | D:4      | Reached XP level 6. HP: 38/53 MP: 6/6
  1981 | D:4      | Reached skill level 5 in Long Blades
  1988 | D:4      | Identified the +9 dagger "Ucyet" {freeze, rPois}
  2344 | D:4      | Found a sacrificial altar of Ru.
  2370 | D:4      | Reached skill level 5 in Fighting
  2370 | D:4      | Reached skill level 5 in Armour
  2370 | D:4      | Reached XP level 7. HP: 37/61 MP: 7/7
  2833 | D:4      | Reached ** piety under Elyvilon
  3024 | D:4      | You fall into a shaft and drop 3 floors!
  3024 | D:7      | Found a bloodstained altar of Trog.
  3031 | D:7      | Reached skill level 5 in Shields
  3036 | D:7      | Reached skill level 6 in Long Blades
  3356 | D:7      | Reached XP level 8. HP: 66/69 MP: 9/9
  3418 | D:7      | Reached skill level 7 in Long Blades
  3813 | D:7      | Found a sparkling altar of Nemelex Xobeh.
  4074 | D:8      | Reached *** piety under Elyvilon
  4130 | D:8      | Found a stormy altar of Qazlal.
  4922 | D:9      | Reached skill level 8 in Long Blades
  4922 | D:9      | Reached XP level 9. HP: 74/77 MP: 11/11
  4970 | D:9      | Reached **** piety under Elyvilon
  5305 | D:9      | Got a pair of heavily runed boots
  5311 | D:9      | Identified the +2 pair of boots of Mafuoc {rF+ Dex+5
                  | Stlth+} (You found it on level 9 of the Dungeon)
  5417 | D:9      | Found an iron altar of Okawaru.
  5601 | D:10     | Entered Level 10 of the Dungeon
  5905 | D:10     | Reached skill level 5 in Dodging
  5908 | D:10     | Noticed Erolcha
  6398 | D:10     | Reached ***** piety under Elyvilon
  6461 | D:10     | Reached skill level 9 in Long Blades
  6570 | D:10     | Noticed a two-headed ogre
  6578 | D:10     | Killed a two-headed ogre
  6578 | D:10     | Reached skill level 5 in Invocations
  6816 | D:10     | Reached XP level 10. HP: 86/86 MP: 9/12
  6885 | D:10     | Noticed Urug
  6901 | D:10     | Killed Urug
  6901 | D:10     | Reached skill level 10 in Long Blades
  7290 | D:10     | Killed Erolcha
  7446 | D:11     | Found a staircase to the Lair.
  7511 | D:11     | HP: 3/88 [orc priest/divine providence (17)]
  7535 | D:11     | Reached skill level 11 in Long Blades
  7544 | D:11     | Found a staircase to the Orcish Mines.
  7602 | D:11     | Noticed Fannar
  7605 | D:11     | Gained mutation: Your body sometimes deteriorates upon
                  | taking damage. [potion of mutation]
  7605 | D:11     | Gained mutation: Your muscles are strong. (Str +2) [potion
                  | of mutation]
  7605 | D:11     | Gained mutation: You evolve. [potion of mutation]
  7626 | D:11     | Killed Fannar
  7659 | D:11     | Found a flagged portal.
  7671 | Bailey   | Entered a bailey
  7676 | Bailey   | Noticed an orc warlord
  7705 | Bailey   | Reached XP level 11. HP: 60/95 MP: 14/14
  7713 | Bailey   | Found a runed translucent gate.
  7713 | Bailey   | Found a runed translucent gate.
  7713 | Bailey   | Found a runed translucent gate.
  7965 | Bailey   | Killed an orc warlord
  7985 | Bailey   | Got a slimy shortbow
  7991 | Bailey   | Identified the +5 shortbow of the Doomed Warrior {vorpal,
                  | rN+ Str+2} (You found it in a bailey)
  8202 | D:11     | Noticed an orc knight
  9045 | D:12     | Gained mutation: Your magical capacity is low. (-10% MP)
                  | [evolution]
  9045 | D:12     | Lost mutation: You evolve. [end of evolution]
  9109 | D:12     | Noticed a two-headed ogre
  9117 | D:12     | Killed a two-headed ogre
  9535 | D:12     | Reached skill level 12 in Long Blades
  9662 | D:13     | Noticed a purple ugly thing
  9672 | D:13     | Noticed a deep elf mage
  9678 | D:13     | Noticed a sixfirhy
  9678 | D:13     | Killed a purple ugly thing
  9684 | D:13     | HP: 1/97 [sixfirhy[a deep elf mage] (11)]
  9692 | D:13     | HP: 3/97 [demonic crawler[a deep elf mage] (4)]
  9693 | D:13     | Elyvilon protects you from harm!
  9695 | D:13     | Mangled by a sixfirhy

Illustrated notes

Levels and vault maps discovered:
D:1:      co_arrival_random_square_maze, layout_basic, minivault_23
D:2:      layout_basic, lemuel_doored_altar, serial_corexii_hall,
          corexii_hall_statues_u, corexii_hall_statues_u
D:3:      layout_loops_cross, dancing_weapons_uskayaw, minitemple,
          serial_undead, serial_undead_f, serial_undead_e, serial_undead_c,
          serial_undead_d, nicolae_dithmenos_through_a_glass_darkly
D:4:      layout_layer_cave, first_ration, nicolae_ru_path_of_blood
D:7:      cheibrodos_barr_body, layout_basic, trog_ov_bears_minmay,
          lemuel_crystal_altar, the_bakery, minmay_fire_ice_demons
D:8:      layout_loops_corners, serial_glass, glass_columns_b, glass_columns_a,
          nicolae_qazlal_general_emergency
D:9:      layout_loops_ring, kennysheep_okawaru_gauntlet
D:10:     layout_gridville, lightli_orcish_oven, uniq_urug, uniq_erolcha
D:11:     layout_roguey, erik_lair_orcish_takeover, orc_0_dummy, enter_bailey_2,
          special_room [special_room_orc], uniq_fannar
D:12:     layout_basic
D:13:     layout_rooms, hangedman_glass_teeth

Skill      XL: |  1  2  3  4  5  6  7  8  9 10 11 |
---------------+----------------------------------+-----
Long Blades    | 3 4 5 6 8 9 11 12 | 12.0
Dodging        | 1 2 3 4 5 6 7 |  7.6
Armour         | 4 5 6 7 8 9 |  9.3
Fighting       | 4 5 6 7 8 9 |  9.3
Shields        | 4 5 6 7 8 9 |  9.2
Invocations    | 1 2 3 4 5 6 7 |  7.0

Action                   |  1- 3 |  4- 6 |  7- 9 | 10-12 || total
-------------------------+-------+-------+-------+-------++-------
Melee: Long sword        |    67 |   123 |       |       ||   190
       Headbutt          |    11 |    28 |    57 |   104 ||   200
       Dagger            |       |    23 |   268 |   350 ||   641
Invok: Greater Healing   |       |       |       |     9 ||     9
Evoke: Box of beasts     |       |       |       |     1 ||     1
  Use: Scroll            |       |       |     8 |       ||     8
       Potion            |       |       |       |     8 ||     8
 Stab: Distracted        |       |       |       |     1 ||     1
  Eat: Chunk             |       |     5 |    14 |    10 ||    29
       Ration            |       |       |       |     1 ||     1
Armor: Scale mail        |    22 |    11 |       |       ||    33
       Plate armour      |       |    75 |    96 |   141 ||   312
Dodge: Dodged            |    18 |    24 |    49 |   126 ||   217
Block: Kite shield       |    29 |    78 |    99 |   202 ||   408
       Rpst.: Long sword |     4 |     3 |       |       ||     7

Table legend:
 A = Non-vault XP
 B = Vault XP
 C = Vault XP percentage of total XP
 D = Non-vault monster count
 E = Vault monster count
 F = Vault count percentage of total count
                 A         B        C        D         E       F
            +---------+---------+-------+---------+---------+-------
      Total |   10957 |    6708 |  38.0 |     198 |      79 |  28.5
            +---------+---------+-------+---------+---------+-------
        D:1 |       6 |       0 |   0.0 |       3 |       0 |   0.0
        D:2 |      41 |       0 |   0.0 |      16 |       0 |   0.0
        D:3 |     216 |      20 |   8.5 |      42 |       6 |  12.5
        D:4 |     555 |       0 |   0.0 |      20 |       0 |   0.0
        D:7 |     329 |    1011 |  75.4 |      10 |      13 |  56.5
        D:8 |      25 |       0 |   0.0 |       5 |       0 |   0.0
        D:9 |     856 |       0 |   0.0 |      13 |       0 |   0.0
       D:10 |    2701 |    1960 |  42.1 |      37 |       8 |  17.8
       D:11 |    1981 |    2151 |  52.1 |      22 |      31 |  58.5
       D:12 |    3718 |       0 |   0.0 |      29 |       0 |   0.0
       D:13 |     529 |       0 |   0.0 |       1 |       0 |   0.0
     Bailey |       0 |    1566 | 100.0 |       0 |      21 | 100.0
            +---------+---------+-------+---------+---------+-------
